 Dungeon Crawl Stone Soup version 0.28.0-53-g5a82cb258f (webtiles) character file.

Game seed: 6219267802961984461

65 Sin92 the Skirmisher (level 3, -1/29 HPs)
             Began as a Demonspawn Fighter on June 14, 2022.
             Slain by an orc wizard
             ... wielding a +0 dagger
              (2 damage)
             ... on level 4 of the Dungeon.
             The game lasted 00:02:07 (2905 turns).

Sin92 the Skirmisher (Demonspawn Fighter)           Turns: 2905, Time: 00:02:07

Health: -1/29      AC:  9    Str: 18    XL:     3   Next: 92%
Magic:  3/3        EV:  9    Int:  9    God:
Gold:   206        SH:  0    Dex: 16    Spells: 2/2 levels left

rFire   . . .      SeeInvis .   e - +0 flail (drain)
rCold   . . .      Faith    .   c - +0 buckler
rNeg    . . .      Spirit   .   b - +0 scale mail
rPois   .          Reflect  .   o - +0 helmet
rElec   .          Harm     .   (no cloak)
rCorr   .          Rampage  .   f - +0 pair of gloves
Will    .....                   (no boots)
Stlth   ..........              (no amulet)
HPRegen 0.09/turn               (no ring)
MPRegen 0.08/turn               (no ring)

@: confused
A: hooves 1, foul stench 1, agile 1, strong 1
a: no special abilities


You were on level 4 of the Dungeon.
You visited 1 branch of the dungeon, and saw 4 of its levels.

You collected 206 gold pieces.

Inventory:

Hand Weapons
 a - a +0 war axe
 e - a +0 flail of draining (weapon)
Armour
 b - a +0 scale mail (worn)
 c - a +0 buckler (worn)
 f - a +0 pair of gloves (worn)
 o - a +0 helmet (worn)
Scrolls
 l - 3 scrolls of identify {unknown}
 n - a scroll of immolation {unknown}
Potions
 d - a potion of might
 g - a potion of lignification {unknown}
 h - 2 potions of flight {unknown}
 i - a potion of mutation
 j - 2 potions of invisibility {unknown}
 k - a potion of heal wounds {unknown}
 m - a potion of magic {unknown}


   Skills:
 + Level 3.3 Fighting
 + Level 2.2(2.4) Axes
 + Level 1.1(1.8) Maces & Flails
 + Level 3.0 Armour
 + Level 1.0 Dodging
 + Level 3.0 Shields


You had 2 spell levels left.
You didn't know any spells.
Your spell library contained the following spells:

 Spells                   Type           Power      Damage    Failure   Level
 Inner Flame              Hex/Fire       0%         N/A       99%         3
 Cause Fear               Hex            0%         N/A       100%        4
 Discord                  Hex            0%         N/A       100%        8


Dungeon Overview and Level Annotations

Branches:
Dungeon (4/15)
 Temple: D:4-7

Altars:


Innate Abilities, Weirdness & Mutations

You have large cloven feet.
You may rarely emit foul miasma when damaged in melee.
You are agile. (Dex +2)
Your muscles are strong. (Str +2)


Message History

The puff of flame hits you.
Unknown command.
Something hits you.
Things that are here:
a +1 short sword of speed; an orc corpse You completely miss something.
Something hits you but does no damage.
You hear some strange, mumbled words.
You are more confused.
Unknown command.
You hear some strange, mumbled words.
You are more confused.
Unknown command.
You hear some strange, mumbled words.
A puff of flame appears from out of thin air!
The puff of flame hits you. Something hits you but does no damage.
Things that are here:
a +1 short sword of speed; an orc corpse Something hits you but does no damage.
You hit something. Your kick misses something.
Something hits you but does no damage.
You completely miss something. Your kick misses something.
You hear some strange, mumbled words.
A puff of flame appears from out of thin air!
The puff of flame hits you!
You closely miss something. Something hits you.
* * * LOW HITPOINT WARNING * * *
Something hits you.
* * * LOW HITPOINT WARNING * * *
You closely miss something. Your kick misses something.
Something hits you but does no damage.
Unknown command.
You hear some strange, mumbled words.
A puff of flame appears from out of thin air!
The puff of flame hits you.
* * * LOW HITPOINT WARNING * * *
It was a potion of mutation.
You feel extremely strange.
You feel stronger.
You feel agile. Something hits you.
You die...

#...#
#...#
#...#
#...#
#...#
#...#
#.).#
#.){#
#.@.+
#...#
#...##
#....#
#....#
#<...#
#...##
#...##
#....#


There were no monsters in sight!

Vanquished Creatures
  A worm (D:3)
  2 dart slugs
  2 orcs (D:4)
  5 endoplasms
  2 giant cockroaches (D:3)
  A hobgoblin (D:1)
  7 jackals
  7 ball pythons
  4 bats
  3 frilled lizards
  5 goblins
  9 kobolds
  5 rats
53 creatures vanquished.

Notes
Turn   | Place    | Note
-------+----------+-------------------------------------------
     0 | D:1      | Sin92 the Demonspawn Fighter began the quest for the Orb.
     0 | D:1      | Reached XP level 1. HP: 18/18 MP: 1/1
   697 | D:1      | Gained mutation: You have large cloven feet. [demonic
                  | ancestry]
   697 | D:1      | Reached XP level 2. HP: 24/24 MP: 2/2
  1776 | D:2      | Gained mutation: You may rarely emit foul miasma when
                  | damaged in melee. [demonic ancestry]
  1776 | D:2      | Reached XP level 3. HP: 29/29 MP: 3/3
  2092 | D:3      | Reached skill level 1 in Maces & Flails
  2333 | D:3      | Found a faded altar of an unknown god.
  2444 | D:3      | Reached skill level 1 in Dodging
  2904 | D:4      | HP: 1/29 [something/puff of flame (3)]
  2905 | D:4      | Gained mutation: Your muscles are strong. (Str +2) [potion
                  | of mutation]
  2905 | D:4      | Gained mutation: You are agile. (Dex +2) [potion of
                  | mutation]
  2905 | D:4      | Slain by an orc wizard

Illustrated notes

Levels and vault maps discovered:
D:1:      evilmike_arrival_plus, layout_loops_corners,
          chequers_serial_rivers_large_b, minmay_bisected
D:2:      layout_loops_ring
D:3:      layout_loops_ring, nicolae_ecumenical_lake_church
D:4:      cheibrodos_fertilizer, layout_gridville, uniq_grinder

Skill      XL: |  1  2  3 |
---------------+----------+-----
Axes           | 2 |  2.2
Shields        | 3 |  3.0
Maces & Flails | 1 |  1.1
Armour         | 3 |  3.0
Dodging        | 1 |  1.0
Fighting       | |  3.3

Action                   || total
-------------------------++-------
Melee: Flail             ||   126
       War axe           ||     2
       Kick              ||    17
  Use: Scroll            ||     2
       Potion            ||     1
Armor: Scale mail        ||    76
Dodge: Dodged            ||    57
Block: Buckler           ||    23
